 Dungeon Crawl Stone Soup version 0.26.1-10-gdfb7c7de75 (webtiles) character file.

Game seed: 7206612601280650887

7434 Almogavar the Fighter (level 11, -3/92 HPs)
             Began as a Gnoll Wanderer on Apr 3, 2021.
             Was a High Priest of Okawaru.
             Slain by a two-headed ogre
             ... wielding a +0 giant spiked club
              (8 damage)
             ... on level 10 of the Dungeon.
             The game lasted 00:39:17 (14347 turns).

Almogavar the Fighter (Gnoll Wanderer)             Turns: 14347, Time: 00:39:17

Health: -3/92      AC: 11    Str: 18    XL:     11   Next: 15%
Magic:  18/20      EV: 10    Int: 18    God:    Okawaru [*****.]
Gold:   529        SH:  0    Dex: 15    Spells: 22/22 levels left

rFire    + + +     SeeInvis .   k - +9 hand axe of Distant Worlds {flame, *Corrode Int+4}
rCold    . . .     Faith    .   (no shield)
rNeg     . . .     Spirit   .   f - +0 chain mail
rPois    +         Reflect  .   M - +0 helmet
rElec    .         Harm     .   (no cloak)
rCorr    .         Rampage  .   r - +0 pair of gloves
Will     .....                  d - +1 pair of boots of the Trees {*Corrode +Blink rF+++ Will-}
Stlth    +.........             p - amulet of magic regeneration
HPRegen  0.25/turn              D - ring of flight
MPRegen  0.42/turn              C - ring of poison resistance

@: finesse, corroded
A: distributed training, fangs 1, strong nose
a: Renounce Religion, Evoke Blink, Evoke Flight, Heroism, Finesse


You were on level 10 of the Dungeon.
You worshipped Okawaru.
Okawaru was extremely pleased with you.
You visited 2 branches of the dungeon, and saw 11 of its levels.

You collected 529 gold pieces.

Inventory:

Hand Weapons
 k - the +9 hand axe of Distant Worlds (weapon) {flame, *Corrode Int+4}
   (You found it on level 9 of the Dungeon)

   It has been specially enchanted to burn those struck by it, causing extra
   injury to most foes and up to half again as much damage against particularly
   susceptible opponents.
   Big, fiery blades are also staple armaments of hydra-hunters.
   It affects your intelligence (+4).
   It may corrode you when you take damage.
 w - a +0 hand crossbow
 N - a +2 trident of freezing
Missiles
 i - 49 bolts
 m - 123 arrows
 s - 71 stones
 u - 3 atropa-tipped darts
 x - 31 poisoned darts (quivered)
 A - 78 sling bullets
 I - 8 javelins
Armour
 d - the +1 pair of boots of the Trees (worn) {*Corrode +Blink rF+++ Will-}
   (Okawaru gifted it to you on level 10 of the Dungeon)

   It renders you almost immune to fire.
   It affects your willpower, your defense against some magical effects.
   It lets you blink.
   It may corrode you when you take damage.
 f - a +0 chain mail (worn)
 r - a +0 pair of gloves (worn)
 M - a +0 helmet (worn)
Jewellery
 o - an uncursed ring of fire
 p - an amulet of magic regeneration (around neck)
 C - a ring of poison resistance (right hand)
 D - a ring of flight (left hand)
Wands
 h - a wand of enslavement (13)
 F - a wand of digging (4)
 H - a wand of disintegration (21)
 J - a wand of flame (14)
Scrolls
 a - 7 scrolls of teleportation
 e - 2 scrolls of blinking
 g - 2 scrolls of fog
 j - 4 scrolls of amnesia
 n - 3 scrolls of magic mapping
 t - 4 scrolls of remove curse {unknown}
 y - 3 scrolls of enchant weapon {unknown}
 B - a scroll of fear {unknown}
 G - a scroll of random uselessness {unknown}
 O - a scroll of enchant armour {unknown}
Potions
 b - 2 potions of lignification
 c - a potion of ambrosia
 l - a potion of flight {unknown}
 q - a potion of invisibility
 v - a potion of mutation {unknown}
 z - a potion of berserk rage {unknown}
 E - a potion of resistance {unknown}
 K - a potion of brilliance {unknown}


   Skills:
 + Level 10.4 Fighting
 + Level 6.0 Short Blades
 + Level 6.0 Long Blades
 + Level 6.0 Axes
 + Level 6.0 Maces & Flails
 + Level 6.0 Polearms
 + Level 6.0 Staves
 + Level 6.0 Slings
 + Level 6.0 Bows
 + Level 6.0 Crossbows
 + Level 6.0 Throwing
 + Level 7.6 Armour
 + Level 6.0 Dodging
 + Level 8.6 Stealth
 + Level 6.0 Shields
 + Level 6.6 Unarmed Combat
 + Level 6.0 Spellcasting
 + Level 5.0 Conjurations
 + Level 5.0 Hexes
 + Level 5.0 Summonings
 + Level 5.0 Necromancy
 + Level 5.0 Translocations
 + Level 5.0 Transmutations
 + Level 5.0 Fire Magic
 + Level 5.0 Ice Magic
 + Level 5.0 Air Magic
 + Level 5.0 Earth Magic
 + Level 5.0 Poison Magic
 + Level 6.6 Invocations
 + Level 6.0 Evocations


You had 22 spell levels left.
You didn't know any spells.
Your spell library contained the following spells:

 Spells                   Type           Power        Failure   Level
 Corona                   Hex            25%          16%         1
 Foxfire                  Conj/Fire      92%          16%         1
 Shock                    Conj/Air       92%          16%         1
 Sting                    Tmut/Pois      92%          16%         1
 Slow                     Hex            23%          22%         2
 Conjure Flame            Conj/Fire      23%          41%         3
 Inner Flame              Hex/Fire       23%          41%         3
 Portal Projectile        Hex/Tloc       46%          41%         3
 Cause Fear               Hex            11%          83%         4
 Leda's Liquefaction      Hex/Erth       11%          83%         4
 Sticky Flame             Conj/Fire      23%          83%         4
 Summon Lightning Spire   Summ/Air       23%          83%         4
 Alistair's Intoxication  Tmut/Pois      15%          99%         5
 Fireball                 Conj/Fire      11%          99%         5
 Tornado                  Air            11%          100%        9


Dungeon Overview and Level Annotations

Branches:
Dungeon (10/15)            Temple (1/1) D:4
   Lair: D:8-11         Orc: D:9-12

Altars:
Ashenzari
Cheibriados
Dithmenos
Elyvilon
Fedhas
Gozag
Hepliaklqana
Kikubaaqudgha
Nemelex Xobeh
Okawaru
Qazlal
Ru
Sif Muna
Trog
Uskayaw
Vehumet
Wu Jian
Xom
Yredelemnul
Zin
The Shining One

Shops:
D:4 [   D:7 [


Innate Abilities, Weirdness & Mutations

Your experience applies equally to all skills.
You have very sharp teeth.
Your uncanny sense of smell can sniff out nearby items.


Message History

Unknown command.
You slash the two-headed ogre! You burn the two-headed ogre!
The two-headed ogre is severely wounded.
You hit the two-headed ogre but do no damage.
The two-headed ogre is severely wounded.
The two-headed ogre hits you with a +0 giant spiked club!
The two-headed ogre hits you with a +0 giant club!!
* * * LOW HITPOINT WARNING * * *
You are too injured to fight recklessly!
You are too injured to fight recklessly!
You hit the two-headed ogre. You burn the two-headed ogre.
You punch the two-headed ogre, but do no damage.
You bite the two-headed ogre.
The two-headed ogre is almost dead.
You hit the two-headed ogre. You burn the two-headed ogre.
The two-headed ogre is almost dead.
The two-headed ogre hits you with a +0 giant spiked club!!
* * * LOW HITPOINT WARNING * * *
The two-headed ogre hits you with a +0 giant club!
You die...

####...(.# #........# #
∆###..##.##.##.#
#..............
#######+#+##..#.##.####
#.............#..#.#
#.............#..#.###
#............O.).....#######
#.......)...[.@#.##........#
#.........).#.##.##........
#...........#.....#......
#...........####...#...###
#...........##<##..#.....#
#..)........##.....#.#.#.###
#...........####...!.#.#.#<# ..
#................#.#.#.#.#'##..
.........#######.###.........


You could see a two-headed ogre.

Vanquished Creatures
  A hydra (D:10)
  2 two-headed ogres
  Pikel (D:5)
  3 yaks (D:9)
  Duvessa (D:6)
  3 ice beasts
  A sky beast (D:6)
  2 black bears (D:9)
  4 orc warriors
  2 centaurs (D:10)
  6 ogres
  5 bullfrogs
  A wyvern zombie (D:7)
  A gnoll sergeant (D:7)
  Blork the orc (D:5)
  2 scorpions (D:9)
  Dowan (D:6)
  6 killer bees
  11 wights
  3 howler monkeys (D:9)
  4 centaur zombies
  3 hounds
  2 jellies
  2 orc priests
  A centaur skeleton (D:7)
  7 orc wizards
  Ijyb (D:5)
  An iguana (D:8)
  3 worker ants
  A hound skeleton (D:8)
  8 gnolls
  14 adders
  2 shadow imps
  2 white imps
  2 ufetubi
  3 oozes
  An adder skeleton (D:8)
  An adder zombie (D:5)
  3 worms
  A dart slug (D:2)
  7 leopard geckos
  47 orcs
  5 ball pythons
  8 giant cockroaches
  5 goblins
  13 hobgoblins
  3 jackals (D:1)
  10 kobolds
  2 quokkas
  11 bats
  3 frilled lizards
  A jackal zombie (D:6)
  A leopard gecko zombie (D:7)
  A quokka skeleton (D:5)
  7 rats
243 creatures vanquished.

Vanquished Creatures (others)
  5 plants (D:7)
5 creatures vanquished.

Grand Total: 248 creatures vanquished

Notes
Turn   | Place    | Note
-------+----------+-------------------------------------------
     0 | D:1      | Almogavar the Gnoll Wanderer began the quest for the Orb.
     0 | D:1      | Almogavar set off with the following items: a +0 club, a
                  | potion of lignification, a potion of curing, a +0 robe, 2
                  | scrolls of blinking, a +0 dagger
     0 | D:1      | Reached XP level 1. HP: 26/26 MP: 1/1
    51 | D:1      | Reached XP level 2. HP: 16/33 MP: 2/2
   646 | D:1      | Reached XP level 3. HP: 34/35 MP: 3/3
   863 | D:1      | Reached skill level 1 in Invocations
  1350 | D:2      | Reached skill level 1 in Short Blades
  1350 | D:2      | Reached skill level 1 in Long Blades
  1350 | D:2      | Reached skill level 1 in Axes
  1350 | D:2      | Reached skill level 1 in Maces & Flails
  1350 | D:2      | Reached skill level 1 in Polearms
  1350 | D:2      | Reached skill level 1 in Staves
  1350 | D:2      | Reached skill level 1 in Slings
  1350 | D:2      | Reached skill level 1 in Bows
  1350 | D:2      | Reached skill level 1 in Crossbows
  1350 | D:2      | Reached skill level 1 in Throwing
  1350 | D:2      | Reached skill level 1 in Dodging
  1350 | D:2      | Reached skill level 1 in Shields
  1350 | D:2      | Reached skill level 1 in Spellcasting
  1350 | D:2      | Reached skill level 1 in Evocations
  1376 | D:2      | Reached XP level 4. HP: 41/45 MP: 5/5
  1550 | D:2      | Reached skill level 1 in Conjurations
  1550 | D:2      | Reached skill level 1 in Hexes
  1550 | D:2      | Reached skill level 1 in Summonings
  1550 | D:2      | Reached skill level 1 in Necromancy
  1550 | D:2      | Reached skill level 1 in Translocations
  1550 | D:2      | Reached skill level 1 in Transmutations
  1550 | D:2      | Reached skill level 1 in Fire Magic
  1550 | D:2      | Reached skill level 1 in Ice Magic
  1550 | D:2      | Reached skill level 1 in Air Magic
  1550 | D:2      | Reached skill level 1 in Earth Magic
  1550 | D:2      | Reached skill level 1 in Poison Magic
  2251 | D:3      | Reached XP level 5. HP: 51/51 MP: 6/6
  2495 | D:3      | Found a faded altar of an unknown god.
  2985 | D:4      | Found a staircase to the Ecumenical Temple.
  2998 | Temple   | Entered the Ecumenical Temple
  3219 | Temple   | Became a worshipper of Warmaster Okawaru
  3244 | D:4      | Found Gubof's Armour Emporium.
  3571 | D:4      | Reached XP level 6. HP: 52/57 MP: 8/8
  3772 | D:5      | Entered Level 5 of the Dungeon
  3830 | D:5      | Reached skill level 5 in Armour
  3904 | D:5      | Noticed Blork the orc
  3918 | D:5      | Killed Blork the orc
  3918 | D:5      | Reached * piety under Okawaru
  4123 | D:5      | Noticed Ijyb
  4132 | D:5      | Killed Ijyb
  4133 | D:5      | Reached XP level 7. HP: 63/63 MP: 10/10
  4190 | D:5      | Noticed Pikel
  4211 | D:5      | Killed Pikel
  4212 | D:5      | Reached skill level 9 in Fighting
  4212 | D:5      | Reached XP level 8. HP: 61/71 MP: 10/12
  4889 | D:6      | Reached ** piety under Okawaru
  4951 | D:6      | Found a broken altar of Ashenzari.
  4959 | D:6      | Noticed Dowan
  4960 | D:6      | Noticed Duvessa
  4983 | D:6      | Killed Dowan
  4993 | D:6      | Killed Duvessa
  6053 | D:6      | Found a snail-covered altar of Cheibriados.
  6292 | D:5      | Reached XP level 9. HP: 13/76 MP: 14/14
  7642 | D:7      | Reached skill level 5 in Unarmed Combat
  8219 | D:7      | HP: 3/77 [wyvern zombie (6)]
  9069 | D:7      | Reached *** piety under Okawaru
  9427 | D:7      | Found Pafem's Antique Armour Emporium.
  9567 | D:7      | HP: 2/66 [wight/+0 spear (7)]
 10302 | D:8      | Reached skill level 5 in Invocations
 10612 | D:8      | Noticed a two-headed ogre
 10615 | D:8      | Reached XP level 10. HP: 85/85 MP: 17/17
 11052 | D:8      | Identified the Incunabulum of Cloudy Contamination
 11287 | D:9      | Noticed a two-headed ogre
 11296 | D:9      | Killed a two-headed ogre
 11297 | D:9      | Reached skill level 5 in Short Blades
 11297 | D:9      | Reached skill level 5 in Long Blades
 11297 | D:9      | Reached skill level 5 in Axes
 11297 | D:9      | Reached skill level 5 in Maces & Flails
 11297 | D:9      | Reached skill level 5 in Polearms
 11297 | D:9      | Reached skill level 5 in Staves
 11297 | D:9      | Reached skill level 5 in Slings
 11297 | D:9      | Reached skill level 5 in Bows
 11297 | D:9      | Reached skill level 5 in Crossbows
 11297 | D:9      | Reached skill level 5 in Throwing
 11297 | D:9      | Reached skill level 5 in Dodging
 11297 | D:9      | Reached skill level 5 in Shields
 11297 | D:9      | Reached skill level 5 in Spellcasting
 11297 | D:9      | Reached skill level 5 in Evocations
 11309 | D:9      | HP: 4/85 [orc/+0 flail (4)]
 11841 | D:9      | Reached skill level 10 in Fighting
 11967 | D:9      | Reached **** piety under Okawaru
 12263 | D:9      | Received a gift from Okawaru
 12524 | D:9      | Got a warped hand axe
 12525 | D:9      | Identified the +9 hand axe of Distant Worlds {flame,
                  | *Corrode Int+4} (You found it on level 9 of the Dungeon)
 13078 | D:9      | Received a gift from Okawaru
 13252 | D:10     | Entered Level 10 of the Dungeon
 13477 | D:10     | Noticed a death yak
 13497 | D:10     | Noticed a death yak
 13839 | D:10     | Noticed a five-headed hydra
 13853 | D:10     | Killed a five-headed hydra
 13853 | D:10     | Reached ***** piety under Okawaru
 13854 | D:10     | Reached XP level 11. HP: 41/92 MP: 19/19
 14059 | D:10     | Noticed a two-headed ogre
 14071 | D:10     | Killed a two-headed ogre
 14071 | D:10     | Received a gift from Okawaru
 14072 | D:10     | Reached skill level 5 in Conjurations
 14072 | D:10     | Reached skill level 5 in Hexes
 14072 | D:10     | Reached skill level 5 in Summonings
 14072 | D:10     | Reached skill level 5 in Necromancy
 14072 | D:10     | Reached skill level 5 in Translocations
 14072 | D:10     | Reached skill level 5 in Transmutations
 14072 | D:10     | Reached skill level 5 in Fire Magic
 14072 | D:10     | Reached skill level 5 in Ice Magic
 14072 | D:10     | Reached skill level 5 in Air Magic
 14072 | D:10     | Reached skill level 5 in Earth Magic
 14072 | D:10     | Reached skill level 5 in Poison Magic
 14076 | D:10     | Got a pair of ancient boots {god gift}
 14082 | D:10     | Identified the +1 pair of boots of the Trees {*Corrode
                  | +Blink rF+++ Will-} (Okawaru gifted it to you on level 10
                  | of the Dungeon)
 14295 | D:10     | Noticed a two-headed ogre
 14347 | D:10     | Slain by a two-headed ogre

Illustrated notes

Levels and vault maps discovered:
D:1:      sevenhm_arrival_forest_fort_small_4, layout_basic,
          serial_bayou_pond_e, roderic_lattice_a
D:2:      layout_basic
D:3:      layout_basic, chequers_ecumenical_altar_simple_redux
D:4:      layout_cave_pools, minmay_temple_entry_stoned_glass, serial_shops,
          shop_fountains
D:5:      layout_basic, uniq_ijyb, uniq_blork_the_orc, uniq_pikel
D:6:      layout_cave_pools, marbit_many_paths, basic_altar,
          serial_bayou_pond_e, nrook_uturn, uniq_duvessa
D:7:      corexii_shack_village, layout_rooms, serial_shops, nicolae_shop_stone,
          grunt_decor_clamped
D:8:      layout_cave_pools
D:9:      layout_long_grid
D:10:     layout_basic, dpeg_lair_monsters
Temple:   roderic_octagonal_lattice_temple

Skill      XL: |  1  2  3  4  5  6  7  8  9 10 11 |
---------------+----------------------------------+-----
Stealth        | 6 7 8 |  8.6
Invocations    | 1 2 3 4 5 6 |  6.6
Short Blades   | 1 2 3 4 5 6 |  6.0
Long Blades    | 1 2 3 4 5 6 |  6.0
Axes           | 1 2 3 4 5 6 |  6.0
Maces & Flails | 1 2 3 4 5 6 |  6.0
Polearms       | 1 2 3 4 5 6 |  6.0
Staves         | 1 2 3 4 5 6 |  6.0
Slings         | 1 2 3 4 5 6 |  6.0
Bows           | 1 2 3 4 5 6 |  6.0
Crossbows      | 1 2 3 4 5 6 |  6.0
Throwing       | 1 2 3 4 5 6 |  6.0
Dodging        | 1 2 3 4 5 6 |  6.0
Shields        | 1 2 3 4 5 6 |  6.0
Spellcasting   | 1 2 3 4 5 6 |  6.0
Evocations     | 1 2 3 4 5 6 |  6.0
Conjurations   | 1 2 3 4 5 |  5.0
Hexes          | 1 2 3 4 5 |  5.0
Summonings     | 1 2 3 4 5 |  5.0
Necromancy     | 1 2 3 4 5 |  5.0
Translocations | 1 2 3 4 5 |  5.0
Transmutations | 1 2 3 4 5 |  5.0
Fire Magic     | 1 2 3 4 5 |  5.0
Ice Magic      | 1 2 3 4 5 |  5.0
Air Magic      | 1 2 3 4 5 |  5.0
Earth Magic    | 1 2 3 4 5 |  5.0
Poison Magic   | 1 2 3 4 5 |  5.0
Unarmed Combat | 3 4 5 6 |  6.6
Armour         | 5 6 7 |  7.6
Fighting       | 9 10 | 10.4

Action                   |  1- 3 |  4- 6 |  7- 9 | 10-12 || total
-------------------------+-------+-------+-------+-------++-------
Melee: Club              |    34 |       |       |       ||    34
       Dagger            |    74 |   194 |   656 |     9 ||   933
       Bite              |    12 |    24 |   101 |    26 ||   163
       Punch             |     1 |     4 |    23 |     9 ||    37
       Hand axe          |       |       |       |    73 ||    73
       Trident           |       |       |       |    40 ||    40
 Fire: Hand crossbow     |       |       |    30 |   135 ||   165
       Hunting sling     |       |       |     4 |       ||     4
Throw: Dart              |       |     7 |    80 |       ||    87
       Stone             |       |     1 |     9 |       ||    10
       Javelin           |       |    11 |     9 |       ||    20
Invok: Heroism           |       |       |     7 |     2 ||     9
       Finesse           |       |       |       |     1 ||     1
  Use: Scroll            |     1 |     3 |     2 |     4 ||    10
       Potion            |       |       |     3 |     2 ||     5
 Stab: Sleeping          |     1 |       |       |       ||     1
       Invisible         |       |     1 |       |       ||     1
Armor: Robe              |     8 |       |       |       ||     8
       Chain mail        |    43 |    91 |   283 |    82 ||   499
Dodge: Dodged            |    46 |   101 |   278 |    80 ||   505
